Condors vs Checkers
Created - November 6, 2025 at 19:32
Goals
|
| Condors |
0 |
2 |
1 |
3 |
| Checkers |
0 |
1 |
4 |
5 |
|
Shots
|
| Condors |
12 |
17 |
11 |
40 |
| Checkers |
6 |
6 |
17 |
29 |
|
1st period
No Goal
Penalties :
Viktor Baldayev (Cha) for Delaying the game (Minor) at 0:22, Evan Bouchard (Bak) for Tripping (Minor) at 15:44
2nd period
1. Condors , Nick Shore 1 (Evan Bouchard 1, Alexander Alexeyev 1) at 4:32
2. Checkers , Nick Abruzzese 1 (Kieffer Bellows 1, Roberts Lipsbergs 1) at 6:26
3. Condors , Nick Shore 2 (Martin Frk 1, Evan Bouchard 2) at 7:15
Penalties :
Joseph Woll (Cha) for Delaying the game (Minor) at 9:18 - Viktor Baldayev served the penalty, Nick Shore (Bak) for Hooking (Minor) at 17:59
3rd period
4. Checkers , Shane Bowers 1 (Rafael Harvey-Pinard 1) at 7:27
5. Condors , Colin White 1 (Jordan Spence 1, Connor McMichael 1) at 10:10
6. Checkers , Austin Poganski 1 (Dylan Gambrell 1, Brendan Leipsic 1) at 12:42
7. Checkers , Brendan Leipsic 1 (Dylan Gambrell 2) at 19:18
8. Checkers , Timothy Liljegren 1 (Dylan Gambrell 3, Austin Poganski 1) at 19:30
Penalties :
Timothy Liljegren (Cha) for Interference (Minor) at 16:31
Goalie Stats
Stuart Skinner (Bak), 24 saves from 29 shots - (0.828), L, 0-1-0, 60:00 minutes
Joseph Woll (Cha), 37 saves from 40 shots - (0.925), W, 1-0-0, 60:00 minutes
Players Stats for Condors
Player Name G A P +/- PIM S H SB GA TA FO MP PP MP PK MP
------------------------------------------------------------------------------------
0 0 0 0 0 0 0 0 0 0 0/0 0:00 0:00 0:00
0 0 0 0 0 0 0 0 0 0 0/0 0:00 0:00 0:00
0 0 0 0 0 0 0 0 0 0 0/0 0:00 0:00 0:00
0 0 0 0 0 0 0 0 0 0 0/0 0:00 0:00 0:00
0 0 0 0 0 0 0 0 0 0 0/0 0:00 0:00 0:00
0 0 0 0 0 0 0 0 0 0 0/0 0:00 0:00 0:00
0 0 0 0 0 0 0 0 0 0 0/0 0:00 0:00 0:00
Alexander Alexeyev 0 1 1 -1 0 0 2 4 0 1 0/0 29:26 4:08 2:17
Cody Glass 0 0 0 0 0 0 1 0 2 1 0/0 15:02 1:48 0:00
Colin White 1 0 1 -1 0 2 0 0 0 0 4/9 12:09 0:00 0:22
Connor Hurley 0 0 0 0 0 2 1 0 1 0 1/3 7:10 0:00 0:00
Connor McMichael 0 1 1 -3 0 3 3 1 0 0 0/0 12:00 0:00 0:00
Dylan Holloway 0 0 0 0 0 0 0 0 0 0 0/0 8:27 0:00 1:04
Evan Bouchard 0 2 2 -1 2 3 4 0 0 0 0/0 25:56 4:08 1:04
Gustav Olofsson 0 0 0 -1 0 2 1 0 1 0 0/0 20:40 1:49 2:12
Jordan Spence 0 1 1 0 0 1 1 1 0 0 0/0 13:23 0:00 0:42
Klim Kostin 0 0 0 1 0 1 3 0 1 0 2/3 23:54 4:09 2:05
Martin Frk 0 1 1 1 0 5 1 2 1 0 1/2 21:49 4:09 0:00
Michael Anderson 0 0 0 -1 0 1 1 0 0 0 0/0 20:09 1:49 1:41
Nick Shore 2 0 2 1 2 7 1 0 1 0 18/27 23:00 4:09 1:11
Nikolai Knyzhov 0 0 0 0 0 0 1 2 0 1 0/0 10:25 0:00 0:00
Pontus Holmberg 0 0 0 -3 0 6 0 0 1 0 0/0 12:00 0:00 0:00
Ryan McLeod 0 0 0 0 0 1 0 0 0 0 6/13 16:15 1:48 1:25
Taro Hirose 0 0 0 -2 0 6 3 0 0 0 0/3 17:05 1:48 1:49
Tyson Foerster 0 0 0 0 0 0 0 1 0 0 0/0 7:10 0:00 0:00
Players Stats for Checkers
Player Name G A P +/- PIM S H SB GA TA FO MP PP MP PK MP
------------------------------------------------------------------------------------
Adam Boqvist 0 0 0 1 0 0 0 0 0 1 0/0 19:17 2:09 2:40
Alexander Romanov 0 0 0 1 0 1 2 0 0 0 0/0 19:17 2:09 2:40
Austin Poganski 1 1 2 1 0 2 1 2 0 1 0/2 20:45 2:02 1:37
Brendan Leipsic 1 1 2 1 0 4 1 0 0 0 2/2 21:53 2:02 3:05
Brett Pollock 0 0 0 0 0 0 0 1 1 1 0/0 9:17 0:00 1:15
Dylan Gambrell 0 3 3 1 0 2 0 2 0 0 15/34 21:53 2:02 3:05
Jeremias Lindewall 0 0 0 0 0 0 0 0 0 0 0/0 0:00 0:00 0:00
Joni Jurmo 0 0 0 1 0 0 1 0 0 1 0/0 10:30 0:00 0:09
Jordan Harris 0 0 0 1 0 2 0 0 0 0 0/0 13:01 0:00 3:08
Kieffer Bellows 0 1 1 0 0 4 0 1 0 0 0/1 16:18 1:54 0:00
Kirill Steklov 0 0 0 1 0 0 0 0 0 0 0/0 4:56 0:00 0:00
Logan Barlage 0 0 0 0 0 0 1 1 0 0 1/2 7:36 0:00 0:00
Matias Rajaniemi 0 0 0 1 0 0 1 0 0 0 0/0 4:56 0:00 0:00
Mattias Norlinder 0 0 0 0 0 0 0 0 0 0 0/0 0:00 0:00 0:00
Maxim Marushev 0 0 0 0 0 0 0 0 0 0 0/0 0:44 0:02 0:28
Mikhail Abramov 0 0 0 0 0 0 0 0 0 0 0/0 1:00 0:00 0:47
Nathan Legare 0 0 0 0 0 0 1 2 0 0 0/0 7:36 0:00 0:00
Nick Abruzzese 1 0 1 0 0 3 1 0 0 1 5/10 16:18 1:54 0:00
Rafael Harvey-Pinard 0 1 1 1 0 2 1 0 0 0 1/1 10:32 0:00 0:00
Roberts Lipsbergs 0 1 1 0 0 0 1 0 1 1 1/1 18:18 1:56 1:37
Shane Bowers 1 0 1 1 0 5 0 0 0 0 3/7 10:32 0:00 0:00
Timothy Liljegren 1 0 1 -1 2 3 0 1 1 1 0/0 24:57 1:49 2:08
Tyce Thompson 0 0 0 1 0 0 1 0 0 0 0/0 10:32 0:00 0:00
Viktor Baldayev 0 0 0 -1 2 1 1 0 0 1 0/0 23:50 1:49 1:09
William Dufour 0 0 0 0 0 0 0 0 0 0 0/0 0:03 0:02 0:00
3 Stars
1 - Austin Poganski (Cha)
2 - Brendan Leipsic (Cha)
3 - Dylan Gambrell (Cha)
Power Play
Condors - 0 on 3 Attempt(s) - 0.00%
Checkers - 0 on 2 Attempt(s) - 0.00%
Penalty Kill
Condors - 2 on 2 Attempt(s) - 100.00%
- Score 0 goal in Penalty Kill
Checkers - 3 on 3 Attempt(s) - 100.00%
- Score 0 goal in Penalty Kill
Team Stat
Condors - Hits : 23 - Faceoff Wins : 32 - Blocked Shots : 11 - Penalty Minutes : 4
Checkers - Hits : 13 - Faceoff Wins : 28 - Blocked Shots : 10 - Penalty Minutes : 6
Official
Referees : Francis Charron and Gord Dwyer
Linesman : Tyson Baker and Matt MacPherson
Game Notes
No Game Note
Finance
Level 1 -- Attendance: 1735 (86.75%) -- Ticket Income $121,450
Level 2 -- Attendance: 961 (96.10%) -- Ticket Income $38,440
Total Attendance: 2696 (89.87%)
Total Ticket Income: $159,890
Other Income: $7,994
Total Income: $167,884
Condors
5 vs 5 Forward
Center Left Wing Right Wing Time % Phy DF OF
1 Nick Shore Klim Kostin Martin Frk 40 1 2 2
2 Ryan McLeod Taro Hirose Cody Glass 30 1 2 2
3 Colin White Connor McMichael Pontus Holmberg 20 1 2 2
4 Connor Hurley Dylan Holloway Tyson Foerster 10 1 2 2
5 vs 5 Defense
Defense Defense Time % Phy DF OF
1 Evan Bouchard Alexander Alexeyev 40 1 2 2
2 Michael Anderson Gustav Olofsson 30 1 2 2
3 Jordan Spence Nikolai Knyzhov 20 1 2 2
4 Evan Bouchard Alexander Alexeyev 10 1 2 2
PowerPlay Forward
Center Left Wing Right Wing Time % Phy DF OF
1 Nick Shore Klim Kostin Martin Frk 60 1 2 2
2 Ryan McLeod Taro Hirose Cody Glass 40 1 2 2
PowerPlay Defense
Defense Defense Time % Phy DF OF
1 Evan Bouchard Alexander Alexeyev 60 1 2 2
2 Michael Anderson Gustav Olofsson 40 1 2 2
Penalty Kill 4 Players Forward
Center Wing Time % Phy DF OF
1 Nick Shore Klim Kostin 60 1 2 2
2 Ryan McLeod Taro Hirose 40 1 2 2
Penalty Kill 4 Players Defense
Defense Defense Time % Phy DF OF
1 Evan Bouchard Alexander Alexeyev 60 1 2 2
2 Michael Anderson Gustav Olofsson 40 1 2 2
Penalty Kill - 3 Players Forward
Forward Time % Phy DF OF
1 Nick Shore 60 1 2 2
2 Ryan McLeod 40 1 2 2
Penalty Kill - 3 Players Defense
Defense Defense Time % Phy DF OF
1 Evan Bouchard Alexander Alexeyev 60 1 2 2
2 Michael Anderson Gustav Olofsson 40 1 2 2
4 vs 4 Forward
Center Wing Time % Phy DF OF
1 Nick Shore Klim Kostin 60 1 2 2
2 Ryan McLeod Taro Hirose 40 1 2 2
4 vs 4 Defense
Defense Defense Time % Phy DF OF
1 Evan Bouchard Alexander Alexeyev 60 1 2 2
2 Michael Anderson Gustav Olofsson 40 1 2 2
Last Minutes Offensive
Center Left Wing Right Wing Defense Defense
Nick Shore Klim Kostin Martin Frk Evan Bouchard Alexander Alexeyev
Last Minutes Defensive
Center Left Wing Right Wing Defense Defense
Nick Shore Klim Kostin Martin Frk Evan Bouchard Alexander Alexeyev
Goaltenders
Starting : Stuart Skinner
Backup : Jaxson Stauber
Extra Forwards
Normal : Taro Hirose, Pontus Holmberg, Connor McMichael - PP : Taro Hirose, Pontus Holmberg - PK : Taro Hirose
Extra Defensemen
Normal : Gustav Olofsson, Jordan Spence, Nikolai Knyzhov - PP : Gustav Olofsson - PK : Gustav Olofsson, Jordan Spence
Penalty Shots
Martin Frk, Nick Shore, Klim Kostin, Cody Glass, Taro Hirose
Custom OT Lines Forwards
Martin Frk, Nick Shore, Klim Kostin, Cody Glass, Taro Hirose, Pontus Holmberg, Connor McMichael, Ryan McLeod, Colin White, Connor Hurley
Custom OT Lines Defensemen
Evan Bouchard, Alexander Alexeyev, Michael Anderson, Gustav Olofsson, Jordan Spence
Scratches
Cole Cassels (Healthy), Semyon Der-Arguchintsev (Healthy), Jan Mysak (Healthy), Ronan Seeley (Healthy), Roni Hirvonen (Healthy)
Jeremy Gregoire (Healthy), Roby Jarventie (Healthy), Jordan Subban (Healthy), Robin Salo (Healthy), Filip Kral (Healthy)
Brayden Pachal (Healthy), Remi Elie (Healthy), Filip Johansson (Healthy), Jonny Tychonick (Healthy), Lucas Johansen (Healthy)
Cole Fonstad (Healthy), Jack Perbix (Healthy), Raphael Lavoie (Healthy), Filip Cederqvist (Healthy), Michael Dipietro (Healthy)
Checkers
5 vs 5 Forward
Center Left Wing Right Wing Time % Phy DF OF
1 Dylan Gambrell Brendan Leipsic Austin Poganski 40 1 2 2
2 Nick Abruzzese Roberts Lipsbergs Kieffer Bellows 30 1 2 2
3 Shane Bowers Rafael Harvey-Pinard Tyce Thompson 20 1 2 2
4 Logan Barlage Brett Pollock Nathan Legare 10 1 2 2
5 vs 5 Defense
Defense Defense Time % Phy DF OF
1 Timothy Liljegren Viktor Baldayev 40 1 2 2
2 Alexander Romanov Adam Boqvist 30 1 2 2
3 Jordan Harris Joni Jurmo 20 1 2 2
4 Matias Rajaniemi Kirill Steklov 10 1 2 2
PowerPlay Forward
Center Left Wing Right Wing Time % Phy DF OF
1 Dylan Gambrell Brendan Leipsic Austin Poganski 60 1 2 2
2 Nick Abruzzese Roberts Lipsbergs Kieffer Bellows 40 1 2 2
PowerPlay Defense
Defense Defense Time % Phy DF OF
1 Timothy Liljegren Viktor Baldayev 60 1 2 2
2 Alexander Romanov Adam Boqvist 40 1 2 2
Penalty Kill 4 Players Forward
Center Wing Time % Phy DF OF
1 Dylan Gambrell Brendan Leipsic 60 1 2 2
2 Austin Poganski Roberts Lipsbergs 40 1 2 2
Penalty Kill 4 Players Defense
Defense Defense Time % Phy DF OF
1 Timothy Liljegren Viktor Baldayev 60 1 2 2
2 Alexander Romanov Adam Boqvist 40 1 2 2
Penalty Kill - 3 Players Forward
Forward Time % Phy DF OF
1 Dylan Gambrell 60 1 2 2
2 Brendan Leipsic 40 1 2 2
Penalty Kill - 3 Players Defense
Defense Defense Time % Phy DF OF
1 Timothy Liljegren Viktor Baldayev 60 1 2 2
2 Alexander Romanov Adam Boqvist 40 1 2 2
4 vs 4 Forward
Center Wing Time % Phy DF OF
1 Dylan Gambrell Brendan Leipsic 60 1 2 2
2 Austin Poganski Roberts Lipsbergs 40 1 2 2
4 vs 4 Defense
Defense Defense Time % Phy DF OF
1 Timothy Liljegren Viktor Baldayev 60 1 2 2
2 Alexander Romanov Adam Boqvist 40 1 2 2
Last Minutes Offensive
Center Left Wing Right Wing Defense Defense
Dylan Gambrell Brendan Leipsic Austin Poganski Timothy Liljegren Viktor Baldayev
Last Minutes Defensive
Center Left Wing Right Wing Defense Defense
Dylan Gambrell Brendan Leipsic Austin Poganski Timothy Liljegren Viktor Baldayev
Goaltenders
Starting : Joseph Woll
Backup : Arvid Soderblom
Extra Forwards
Normal : Maxim Marushev, William Dufour, Mikhail Abramov - PP : Maxim Marushev, William Dufour - PK : Mikhail Abramov
Extra Defensemen
Normal : Mattias Norlinder, Jordan Harris, Joni Jurmo - PP : Mattias Norlinder - PK : Jordan Harris, Joni Jurmo
Penalty Shots
Dylan Gambrell, Brendan Leipsic, Austin Poganski, Roberts Lipsbergs, Nick Abruzzese
Custom OT Lines Forwards
Dylan Gambrell, Brendan Leipsic, Austin Poganski, Roberts Lipsbergs, Nick Abruzzese, Kieffer Bellows, Rafael Harvey-Pinard, Shane Bowers, Brett Pollock, Tyce Thompson
Custom OT Lines Defensemen
Timothy Liljegren, Viktor Baldayev, Alexander Romanov, Adam Boqvist, Jordan Harris
Scratches
Lukas Svejkovsky (Healthy), Kirill Ustimenko (Healthy)
% Time on Ice - Condors
Lines # - Real PCT - Wanted PCT - Time Play
Normal Forward
1 - 36% - 40% - 17:55
2 - 26% - 30% - 13:02
3 - 24% - 20% - 11:46
4 - 14% - 10% - 7:10
Normal Defense
1 - 40% - 40% - 19:45
2 - 33% - 30% - 16:39
3 - 21% - 20% - 10:25
4 - 6% - 10% - 3:04
PP Forward
1 - 70% - 60% - 4:09
2 - 30% - 40% - 1:48
PP Defense
1 - 69% - 60% - 4:08
2 - 31% - 40% - 1:49
PK Forward
1 - 86% - 60% - 3:25
2 - 14% - 40% - 0:33
PK Defense
1 - 69% - 60% - 2:45
2 - 31% - 40% - 1:13
PK3 Forward
1 - 0% - 60%
2 - 0% - 40%
PK3 Defense
1 - 0% - 60%
2 - 0% - 40%
44 Forward
1 - 0% - 60%
2 - 0% - 40%
44 Defense
1 - 0% - 60%
2 - 0% - 40%
Last Minute Offensive - 0:12
Last Minute Defensive - 0:00
Total
Forward - 60:00
Defense - 60:00
|
% Time on Ice - Checkers
Lines # - Real PCT - Wanted PCT - Time Play
Normal Forward
1 - 34% - 40% - 17:00
2 - 30% - 30% - 14:45
3 - 21% - 20% - 10:32
4 - 15% - 10% - 7:36
Normal Defense
1 - 42% - 40% - 20:49
2 - 29% - 30% - 14:28
3 - 19% - 20% - 9:40
4 - 10% - 10% - 4:56
PP Forward
1 - 51% - 60% - 2:02
2 - 49% - 40% - 1:56
PP Defense
1 - 46% - 60% - 1:49
2 - 54% - 40% - 2:09
PK Forward
1 - 73% - 60% - 4:20
2 - 27% - 40% - 1:37
PK Defense
1 - 55% - 60% - 3:17
2 - 45% - 40% - 2:40
PK3 Forward
1 - 0% - 60%
2 - 0% - 40%
PK3 Defense
1 - 0% - 60%
2 - 0% - 40%
44 Forward
1 - 0% - 60%
2 - 0% - 40%
44 Defense
1 - 0% - 60%
2 - 0% - 40%
Last Minute Offensive - 0:00
Last Minute Defensive - 0:12
Total
Forward - 60:00
Defense - 60:00
|
Play-by-Play
1st period
0:01 of 1st period - Nick Shore wins face-off versus Dylan Gambrell in neutral zone.
0:22 of 1st period - Minor Penalty to Viktor Baldayev for Delaying the game.
0:23 of 1st period - Nick Shore wins face-off versus Dylan Gambrell in Checkers zone.
0:38 of 1st period - Slapshot by Nick Shore.
0:38 of 1st period - Stopped by Joseph Woll without a rebound.
0:39 of 1st period - Ryan McLeod wins face-off versus Dylan Gambrell in Checkers zone.
0:44 of 1st period - Snap shot by Taro Hirose.
0:44 of 1st period - Stopped by Joseph Woll without a rebound.
0:45 of 1st period - Dylan Gambrell wins face-off versus Ryan McLeod in Checkers zone.
1:45 of 1st period - Slapshot by Timothy Liljegren.
1:45 of 1st period - Shot Misses the Net.
2:03 of 1st period - Brendan Leipsic is hit by Cody Glass and loses puck.
2:22 of 1st period - Penalty to Viktor Baldayev is over, Viktor Baldayev is back on ice.
2:46 of 1st period - Wrist shot by Shane Bowers.
2:46 of 1st period - Stopped by Stuart Skinner with a rebound.
2:48 of 1st period - Backhand shot by Tyce Thompson.
2:48 of 1st period - Deflect By Colin White.
2:48 of 1st period - Shot Blocked by Nikolai Knyzhov.
2:48 of 1st period - Puck is out of play.
2:49 of 1st period - Connor Hurley wins face-off versus Kieffer Bellows in Condors zone.
3:14 of 1st period - Viktor Baldayev is hit by Taro Hirose and loses puck.
3:51 of 1st period - Jordan Harris is hit by Nikolai Knyzhov and loses puck.
3:58 of 1st period - Wrist shot by Shane Bowers.
3:58 of 1st period - Deflect By Rafael Harvey-Pinard.
3:58 of 1st period - Stopped by Stuart Skinner with a rebound.
4:25 of 1st period - Slapshot by Evan Bouchard.
4:25 of 1st period - Stopped by Joseph Woll with a rebound.
4:39 of 1st period - Backhand shot by Rafael Harvey-Pinard.
4:39 of 1st period - Stopped by Stuart Skinner with a rebound.
5:01 of 1st period - Wrist shot by Nick Abruzzese.
5:01 of 1st period - Stopped by Stuart Skinner with a rebound.
5:03 of 1st period - Wrist shot by Roberts Lipsbergs.
5:03 of 1st period - Shot Blocked by Martin Frk.
5:05 of 1st period - Snap shot by Kieffer Bellows.
5:05 of 1st period - Shot Blocked by Martin Frk.
5:23 of 1st period - Slapshot by Connor McMichael.
5:23 of 1st period - Stopped by Joseph Woll without a rebound.
5:24 of 1st period - Ryan McLeod wins face-off versus Nick Abruzzese in Checkers zone.
5:25 of 1st period - Snap shot by Taro Hirose.
5:25 of 1st period - Shot Misses the Net.
6:40 of 1st period - Snap shot by Pontus Holmberg.
6:40 of 1st period - Deflect By Colin White.
6:40 of 1st period - Shot Misses the Net.
6:40 of 1st period - Puck is out of play.
6:41 of 1st period - Dylan Gambrell wins face-off versus Colin White in Checkers zone.
7:14 of 1st period - Slapshot by Roberts Lipsbergs.
7:14 of 1st period - Shot Misses the Net.
7:16 of 1st period - Snap shot by Roberts Lipsbergs.
7:16 of 1st period - Shot Misses the Net.
7:52 of 1st period - Tyson Foerster is hit by Alexander Romanov and loses puck.
7:57 of 1st period - Wrist shot by Austin Poganski.
7:57 of 1st period - Shot Misses the Net.
7:59 of 1st period - Slapshot by Alexander Romanov.
7:59 of 1st period - Stopped by Stuart Skinner with a rebound.
8:31 of 1st period - Wrist shot by Pontus Holmberg.
8:31 of 1st period - Stopped by Joseph Woll with a rebound.
8:33 of 1st period - Slapshot by Evan Bouchard.
8:33 of 1st period - Deflect By Pontus Holmberg.
8:33 of 1st period - Shot Misses the Net.
8:33 of 1st period - Puck is out of play.
8:34 of 1st period - Nick Abruzzese wins face-off versus Colin White in Checkers zone.
8:51 of 1st period - Wrist shot by Nick Abruzzese.
8:51 of 1st period - Shot Misses the Net.
8:57 of 1st period - Kieffer Bellows is hit by Connor McMichael and loses puck.
9:02 of 1st period - Snap shot by Pontus Holmberg.
9:02 of 1st period - Shot Misses the Net.
9:18 of 1st period - Slapshot by Timothy Liljegren.
9:18 of 1st period - Stopped by Stuart Skinner with a rebound.
9:28 of 1st period - Timothy Liljegren is hit by Connor McMichael and loses puck.
10:15 of 1st period - Slapshot by Pontus Holmberg.
10:15 of 1st period - Stopped by Joseph Woll with a rebound.
10:17 of 1st period - Slapshot by Evan Bouchard.
10:17 of 1st period - Deflect By Timothy Liljegren.
10:17 of 1st period - Stopped by Joseph Woll without a rebound.
10:18 of 1st period - Martin Frk wins face-off versus Dylan Gambrell in Checkers zone.
10:19 of 1st period - Backhand shot by Nick Shore.
10:19 of 1st period - Stopped by Joseph Woll without a rebound.
10:20 of 1st period - Brendan Leipsic wins face-off versus Nick Shore in Checkers zone.
11:10 of 1st period - Wrist shot by Dylan Holloway.
11:10 of 1st period - Shot Misses the Net.
11:16 of 1st period - Snap shot by Jordan Spence.
11:16 of 1st period - Stopped by Joseph Woll with a rebound.
11:28 of 1st period - Matias Rajaniemi is hit by Klim Kostin and loses puck.
13:23 of 1st period - Viktor Baldayev is hit by Klim Kostin and loses puck.
14:19 of 1st period - Alexander Romanov is hit by Nick Shore.
14:49 of 1st period - Backhand shot by Connor McMichael.
14:49 of 1st period - Stopped by Joseph Woll without a rebound.
14:50 of 1st period - Nick Shore wins face-off versus Dylan Gambrell in Checkers zone.
15:44 of 1st period - Minor Penalty to Evan Bouchard for Tripping.
15:45 of 1st period - Nick Shore wins face-off versus Austin Poganski in Condors zone.
15:52 of 1st period - Wrist shot by Nick Shore.
15:52 of 1st period - Shot Misses the Net.
17:13 of 1st period - Wrist shot by Nick Shore.
17:13 of 1st period - Deflect By Ryan McLeod.
17:13 of 1st period - Shot Misses the Net.
17:13 of 1st period - Puck is out of play.
17:14 of 1st period - Ryan McLeod wins face-off versus Dylan Gambrell in Checkers zone.
17:15 of 1st period - Wrist shot by Taro Hirose.
17:15 of 1st period - Stopped by Joseph Woll without a rebound.
17:16 of 1st period - Ryan McLeod wins face-off versus Dylan Gambrell in Checkers zone.
17:44 of 1st period - Penalty to Evan Bouchard is over, Evan Bouchard is back on ice.
18:55 of 1st period - Cody Glass is hit by Roberts Lipsbergs and loses puck.
19:40 of 1st period - Wrist shot by Taro Hirose.
19:40 of 1st period - Stopped by Joseph Woll with a rebound.
19:58 of 1st period - Wrist shot by Taro Hirose.
19:58 of 1st period - Shot Misses the Net.
Goals for this period are 0 for Condors vs 0 for Checkers.
Shots for this period are 12 for Condors vs 6 for Checkers.
2nd period
0:01 of 2nd period - Dylan Gambrell wins face-off versus Martin Frk in neutral zone.
0:35 of 2nd period - Slapshot by Nick Shore.
0:35 of 2nd period - Stopped by Joseph Woll with a rebound.
0:57 of 2nd period - Off-side.
0:58 of 2nd period - Dylan Gambrell wins face-off versus Ryan McLeod in neutral zone.
1:29 of 2nd period - Wrist shot by Pontus Holmberg.
1:29 of 2nd period - Stopped by Joseph Woll without a rebound.
1:30 of 2nd period - Rafael Harvey-Pinard wins face-off versus Colin White in Checkers zone.
1:51 of 2nd period - Slapshot by Shane Bowers.
1:51 of 2nd period - Shot Misses the Net.
1:53 of 2nd period - Wrist shot by Jordan Harris.
1:53 of 2nd period - Stopped by Stuart Skinner with a rebound.
1:55 of 2nd period - Snap shot by Rafael Harvey-Pinard.
1:55 of 2nd period - Deflect By Shane Bowers.
1:55 of 2nd period - Stopped by Stuart Skinner without a rebound.
1:56 of 2nd period - Dylan Gambrell wins face-off versus Nick Shore in Condors zone.
2:11 of 2nd period - Slapshot by Austin Poganski.
2:11 of 2nd period - Shot Misses the Net.
2:21 of 2nd period - Roberts Lipsbergs is hit by Taro Hirose and loses puck.
2:26 of 2nd period - Wrist shot by Taro Hirose.
2:26 of 2nd period - Stopped by Joseph Woll with a rebound.
2:28 of 2nd period - Snap shot by Taro Hirose.
2:28 of 2nd period - Deflect By Ryan McLeod.
2:28 of 2nd period - Stopped by Joseph Woll without a rebound.
2:29 of 2nd period - Nick Shore wins face-off versus Dylan Gambrell in Checkers zone.
2:32 of 2nd period - Backhand shot by Martin Frk.
2:32 of 2nd period - Stopped by Joseph Woll without a rebound.
2:33 of 2nd period - Nick Shore wins face-off versus Dylan Gambrell in Checkers zone.
2:36 of 2nd period - Slapshot by Martin Frk.
2:36 of 2nd period - Stopped by Joseph Woll without a rebound.
2:37 of 2nd period - Dylan Gambrell wins face-off versus Nick Shore in Checkers zone.
3:17 of 2nd period - Snap shot by Austin Poganski.
3:17 of 2nd period - Shot Misses the Net.
3:37 of 2nd period - Slapshot by Austin Poganski.
3:37 of 2nd period - Shot Misses the Net.
4:32 of 2nd period - Wrist shot by Nick Shore.
4:32 of 2nd period - Goal by Nick Shore - Condors : 1 - Checkers : 0.
4:33 of 2nd period - Shane Bowers wins face-off versus Ryan McLeod in neutral zone.
5:08 of 2nd period - Off-side.
5:09 of 2nd period - Colin White wins face-off versus Nick Abruzzese in neutral zone.
6:22 of 2nd period - Slapshot by Kieffer Bellows.
6:22 of 2nd period - Shot Blocked by Jordan Spence.
6:24 of 2nd period - Wrist shot by Kieffer Bellows.
6:24 of 2nd period - Stopped by Stuart Skinner with a rebound.
6:26 of 2nd period - Snap shot by Nick Abruzzese.
6:26 of 2nd period - Goal by Nick Abruzzese - Condors : 1 - Checkers : 1.
6:27 of 2nd period - Nick Shore wins face-off versus Dylan Gambrell in neutral zone.
6:31 of 2nd period - Off-side.
6:32 of 2nd period - Dylan Gambrell wins face-off versus Klim Kostin in neutral zone.
6:37 of 2nd period - Snap shot by Dylan Gambrell.
6:37 of 2nd period - Stopped by Stuart Skinner with a rebound.
7:13 of 2nd period - Slapshot by Nick Shore.
7:13 of 2nd period - Shot Misses the Net.
7:15 of 2nd period - Wrist shot by Martin Frk.
7:15 of 2nd period - Deflect By Nick Shore.
7:15 of 2nd period - Goal by Nick Shore - Condors : 2 - Checkers : 1.
7:16 of 2nd period - Ryan McLeod wins face-off versus Shane Bowers in neutral zone.
7:53 of 2nd period - Snap shot by Logan Barlage.
7:53 of 2nd period - Shot Misses the Net.
8:11 of 2nd period - Slapshot by Michael Anderson.
8:11 of 2nd period - Stopped by Joseph Woll with a rebound.
8:17 of 2nd period - Slapshot by Pontus Holmberg.
8:17 of 2nd period - Shot Blocked by Nathan Legare.
8:19 of 2nd period - Snap shot by Pontus Holmberg.
8:19 of 2nd period - Shot Blocked by Nathan Legare.
8:21 of 2nd period - Slapshot by Colin White.
8:21 of 2nd period - Shot Misses the Net.
8:23 of 2nd period - Wrist shot by Colin White.
8:23 of 2nd period - Shot Blocked by Brett Pollock.
8:25 of 2nd period - Slapshot by Gustav Olofsson.
8:25 of 2nd period - Deflect By Jordan Harris.
8:25 of 2nd period - Stopped by Joseph Woll with a rebound.
8:29 of 2nd period - Snap shot by Pontus Holmberg.
8:29 of 2nd period - Stopped by Joseph Woll with a rebound.
8:31 of 2nd period - Slapshot by Gustav Olofsson.
8:31 of 2nd period - Stopped by Joseph Woll with a rebound.
8:33 of 2nd period - Snap shot by Colin White.
8:33 of 2nd period - Stopped by Joseph Woll with a rebound.
8:35 of 2nd period - Slapshot by Pontus Holmberg.
8:35 of 2nd period - Shot Misses the Net.
8:41 of 2nd period - Wrist shot by Pontus Holmberg.
8:41 of 2nd period - Stopped by Joseph Woll without a rebound.
8:42 of 2nd period - Dylan Gambrell wins face-off versus Nick Shore in Checkers zone.
8:42 of 2nd period - Dylan Gambrell is hit by Alexander Alexeyev.
8:52 of 2nd period - Wrist shot by Brendan Leipsic.
8:52 of 2nd period - Shot Misses the Net.
9:18 of 2nd period - Wrist shot by Taro Hirose.
9:18 of 2nd period - Stopped by Joseph Woll without a rebound.
9:18 of 2nd period - Minor Penalty to Joseph Woll for Delaying the game.
9:19 of 2nd period - Dylan Gambrell wins face-off versus Nick Shore in Checkers zone.
9:34 of 2nd period - Wrist shot by Nick Shore.
9:34 of 2nd period - Stopped by Joseph Woll with a rebound.
9:36 of 2nd period - Wrist shot by Martin Frk.
9:36 of 2nd period - Deflect By Nick Shore.
9:36 of 2nd period - Shot Blocked by Timothy Liljegren.
9:36 of 2nd period - Puck is out of play.
9:37 of 2nd period - Dylan Gambrell wins face-off versus Ryan McLeod in Checkers zone.
9:37 of 2nd period - Dylan Gambrell is hit by Alexander Alexeyev.
10:03 of 2nd period - Brendan Leipsic is hit by Evan Bouchard and loses puck.
10:12 of 2nd period - Snap shot by Nick Shore.
10:12 of 2nd period - Shot Blocked by Dylan Gambrell.
11:18 of 2nd period - Penalty to Viktor Baldayev is over, Viktor Baldayev is back on ice.
11:31 of 2nd period - Slapshot by Connor Hurley.
11:31 of 2nd period - Stopped by Joseph Woll with a rebound.
11:45 of 2nd period - Wrist shot by Rafael Harvey-Pinard.
11:45 of 2nd period - Shot Misses the Net.
12:36 of 2nd period - Snap shot by Rafael Harvey-Pinard.
12:36 of 2nd period - Shot Misses the Net.
13:52 of 2nd period - Slapshot by Taro Hirose.
13:52 of 2nd period - Shot Hit the Post.
13:54 of 2nd period - Slapshot by Evan Bouchard.
13:54 of 2nd period - Shot Blocked by Dylan Gambrell.
14:04 of 2nd period - Snap shot by Rafael Harvey-Pinard.
14:04 of 2nd period - Deflect By Shane Bowers.
14:04 of 2nd period - Shot Blocked by Alexander Alexeyev.
14:04 of 2nd period - Puck is out of play.
14:05 of 2nd period - Colin White wins face-off versus Shane Bowers in Condors zone.
14:30 of 2nd period - Martin Frk is hit by Brendan Leipsic and loses puck.
15:03 of 2nd period - Kieffer Bellows is hit by Jordan Spence and loses puck.
15:16 of 2nd period - Tyson Foerster is hit by Nathan Legare and loses puck.
15:23 of 2nd period - Viktor Baldayev is hit by Evan Bouchard and loses puck.
15:43 of 2nd period - Timothy Liljegren is hit by Connor McMichael and loses puck.
16:52 of 2nd period - Wrist shot by Dylan Holloway.
16:52 of 2nd period - Shot Misses the Net.
17:04 of 2nd period - Connor McMichael is hit by Joni Jurmo.
17:07 of 2nd period - Icing by Nikolai Knyzhov.
17:08 of 2nd period - Dylan Gambrell wins face-off versus Colin White in Condors zone.
17:13 of 2nd period - Wrist shot by Brendan Leipsic.
17:13 of 2nd period - Stopped by Stuart Skinner without a rebound.
17:14 of 2nd period - Brendan Leipsic wins face-off versus Nick Shore in Condors zone.
17:20 of 2nd period - Off-side.
17:21 of 2nd period - Klim Kostin wins face-off versus Austin Poganski in neutral zone.
17:56 of 2nd period - Timothy Liljegren is hit by Martin Frk and loses puck.
17:59 of 2nd period - Minor Penalty to Nick Shore for Hooking.
18:00 of 2nd period - Nick Abruzzese wins face-off versus Taro Hirose in Condors zone.
18:15 of 2nd period - Slapshot by Timothy Liljegren.
18:15 of 2nd period - Shot Blocked by Alexander Alexeyev.
19:59 of 2nd period - Penalty to Nick Shore is over, Nick Shore is back on ice.
Goals for this period are 2 for Condors vs 1 for Checkers.
Shots for this period are 17 for Condors vs 6 for Checkers.
3rd period
0:01 of 3rd period - Nick Shore wins face-off versus Dylan Gambrell in neutral zone.
0:32 of 3rd period - Off-side.
0:33 of 3rd period - Nick Shore wins face-off versus Nick Abruzzese in neutral zone.
0:42 of 3rd period - Slapshot by Nick Shore.
0:42 of 3rd period - Shot Misses the Net.
0:44 of 3rd period - Snap shot by Nick Shore.
0:44 of 3rd period - Shot Blocked by Kieffer Bellows.
1:24 of 3rd period - Alexander Romanov is hit by Evan Bouchard and loses puck.
2:01 of 3rd period - Wrist shot by Nick Abruzzese.
2:01 of 3rd period - Stopped by Stuart Skinner without a rebound.
2:02 of 3rd period - Nick Abruzzese wins face-off versus Colin White in Condors zone.
2:28 of 3rd period - Timothy Liljegren is hit by Klim Kostin and loses puck.
2:51 of 3rd period - Snap shot by Timothy Liljegren.
2:51 of 3rd period - Stopped by Stuart Skinner without a rebound.
2:52 of 3rd period - Logan Barlage wins face-off versus Ryan McLeod in Condors zone.
3:56 of 3rd period - Alexander Alexeyev is hit by Tyce Thompson and loses puck.
4:19 of 3rd period - Alexander Alexeyev is hit by Viktor Baldayev.
5:01 of 3rd period - Snap shot by Dylan Gambrell.
5:01 of 3rd period - Stopped by Stuart Skinner with a rebound.
5:15 of 3rd period - Snap shot by Connor McMichael.
5:15 of 3rd period - Deflect By Dylan Gambrell.
5:15 of 3rd period - Stopped by Joseph Woll without a rebound.
5:16 of 3rd period - Nick Shore wins face-off versus Nick Abruzzese in Checkers zone.
5:24 of 3rd period - Off-side.
5:25 of 3rd period - Roberts Lipsbergs wins face-off versus Nick Shore in neutral zone.
5:32 of 3rd period - Wrist shot by Roberts Lipsbergs.
5:32 of 3rd period - Deflect By Nick Abruzzese.
5:32 of 3rd period - Shot Hit the Post.
5:32 of 3rd period - Puck is out of play.
5:33 of 3rd period - Nick Shore wins face-off versus Dylan Gambrell in Condors zone.
5:58 of 3rd period - Michael Anderson is hit by Alexander Romanov and loses puck.
6:09 of 3rd period - Wrist shot by Ryan McLeod.
6:09 of 3rd period - Shot Misses the Net.
6:11 of 3rd period - Wrist shot by Cody Glass.
6:11 of 3rd period - Deflect By Taro Hirose.
6:11 of 3rd period - Stopped by Joseph Woll without a rebound.
6:12 of 3rd period - Nick Shore wins face-off versus Dylan Gambrell in Checkers zone.
6:25 of 3rd period - Snap shot by Brendan Leipsic.
6:25 of 3rd period - Shot Misses the Net.
6:27 of 3rd period - Snap shot by Brendan Leipsic.
6:27 of 3rd period - Stopped by Stuart Skinner with a rebound.
7:08 of 3rd period - Cody Glass is hit by Logan Barlage and loses puck.
7:19 of 3rd period - Snap shot by Shane Bowers.
7:19 of 3rd period - Stopped by Stuart Skinner with a rebound.
7:21 of 3rd period - Wrist shot by Shane Bowers.
7:21 of 3rd period - Shot Misses the Net.
7:23 of 3rd period - Snap shot by Rafael Harvey-Pinard.
7:23 of 3rd period - Shot Blocked by Alexander Alexeyev.
7:25 of 3rd period - Backhand shot by Shane Bowers.
7:25 of 3rd period - Shot Blocked by Connor McMichael.
7:27 of 3rd period - Slapshot by Shane Bowers.
7:27 of 3rd period - Goal by Shane Bowers - Condors : 2 - Checkers : 2.
7:28 of 3rd period - Nick Shore wins face-off versus Dylan Gambrell in neutral zone.
7:55 of 3rd period - Shane Bowers is hit by Taro Hirose and loses puck.
8:45 of 3rd period - Wrist shot by Pontus Holmberg.
8:45 of 3rd period - Stopped by Joseph Woll with a rebound.
9:40 of 3rd period - Connor Hurley is hit by Matias Rajaniemi and loses puck.
9:45 of 3rd period - Snap shot by Dylan Gambrell.
9:45 of 3rd period - Shot Blocked by Tyson Foerster.
9:57 of 3rd period - Alexander Romanov is hit by Michael Anderson.
9:58 of 3rd period - Icing by Alexander Romanov.
9:59 of 3rd period - Colin White wins face-off versus Nick Abruzzese in Checkers zone.
10:08 of 3rd period - Slapshot by Jordan Spence.
10:08 of 3rd period - Shot Misses the Net.
10:10 of 3rd period - Snap shot by Colin White.
10:10 of 3rd period - Goal by Colin White - Condors : 3 - Checkers : 2.
10:11 of 3rd period - Nick Shore wins face-off versus Dylan Gambrell in neutral zone.
10:18 of 3rd period - Wrist shot by Nick Shore.
10:18 of 3rd period - Shot Misses the Net.
10:20 of 3rd period - Wrist shot by Nick Shore.
10:20 of 3rd period - Deflect By Martin Frk.
10:20 of 3rd period - Shot Misses the Net.
10:20 of 3rd period - Puck is out of play.
10:21 of 3rd period - Nick Shore wins face-off versus Dylan Gambrell in Checkers zone.
10:32 of 3rd period - Slapshot by Klim Kostin.
10:32 of 3rd period - Shot Blocked by Austin Poganski.
10:34 of 3rd period - Slapshot by Evan Bouchard.
10:34 of 3rd period - Shot Blocked by Austin Poganski.
10:36 of 3rd period - Wrist shot by Klim Kostin.
10:36 of 3rd period - Shot Misses the Net.
10:56 of 3rd period - Wrist shot by Martin Frk.
10:56 of 3rd period - Stopped by Joseph Woll without a rebound.
10:57 of 3rd period - Nick Abruzzese wins face-off versus Ryan McLeod in Checkers zone.
11:02 of 3rd period - Kieffer Bellows is hit by Gustav Olofsson and loses puck.
11:27 of 3rd period - Off-side.
11:28 of 3rd period - Nick Shore wins face-off versus Logan Barlage in neutral zone.
11:39 of 3rd period - Slapshot by Martin Frk.
11:39 of 3rd period - Shot Blocked by Logan Barlage.
11:55 of 3rd period - Wrist shot by Connor Hurley.
11:55 of 3rd period - Stopped by Joseph Woll with a rebound.
12:22 of 3rd period - Off-side.
12:23 of 3rd period - Dylan Gambrell wins face-off versus Nick Shore in neutral zone.
12:42 of 3rd period - Snap shot by Austin Poganski.
12:42 of 3rd period - Goal by Austin Poganski - Condors : 3 - Checkers : 3.
12:43 of 3rd period - Klim Kostin wins face-off versus Dylan Gambrell in neutral zone.
12:46 of 3rd period - Snap shot by Martin Frk.
12:46 of 3rd period - Stopped by Joseph Woll without a rebound.
12:47 of 3rd period - Nick Shore wins face-off versus Dylan Gambrell in Checkers zone.
13:30 of 3rd period - Snap shot by Martin Frk.
13:30 of 3rd period - Shot Misses the Net.
13:32 of 3rd period - Slapshot by Evan Bouchard.
13:32 of 3rd period - Stopped by Joseph Woll without a rebound.
13:33 of 3rd period - Dylan Gambrell wins face-off versus Ryan McLeod in Checkers zone.
13:42 of 3rd period - Wrist shot by Dylan Gambrell.
13:42 of 3rd period - Shot Misses the Net.
13:58 of 3rd period - Michael Anderson is hit by Nick Abruzzese and loses puck.
14:07 of 3rd period - Slapshot by Nick Abruzzese.
14:07 of 3rd period - Shot Misses the Net.
14:09 of 3rd period - Wrist shot by Kieffer Bellows.
14:09 of 3rd period - Stopped by Stuart Skinner with a rebound.
14:11 of 3rd period - Slapshot by Jordan Harris.
14:11 of 3rd period - Stopped by Stuart Skinner with a rebound.
14:20 of 3rd period - Off-side.
14:21 of 3rd period - Shane Bowers wins face-off versus Connor Hurley in neutral zone.
14:29 of 3rd period - Shane Bowers is hit by Connor Hurley and loses puck.
14:46 of 3rd period - Evan Bouchard is hit by Austin Poganski and loses puck.
15:13 of 3rd period - Wrist shot by Nick Abruzzese.
15:13 of 3rd period - Shot Misses the Net.
15:15 of 3rd period - Snap shot by Nick Abruzzese.
15:15 of 3rd period - Deflect By Kieffer Bellows.
15:15 of 3rd period - Stopped by Stuart Skinner with a rebound.
15:17 of 3rd period - Snap shot by Kieffer Bellows.
15:17 of 3rd period - Stopped by Stuart Skinner without a rebound.
15:18 of 3rd period - Ryan McLeod wins face-off versus Shane Bowers in Condors zone.
15:23 of 3rd period - Ryan McLeod is hit by Rafael Harvey-Pinard and loses puck.
16:06 of 3rd period - Slapshot by Michael Anderson.
16:06 of 3rd period - Deflect By Tyson Foerster.
16:06 of 3rd period - Shot Misses the Net.
16:06 of 3rd period - Puck is out of play.
16:07 of 3rd period - Nick Abruzzese wins face-off versus Connor Hurley in Checkers zone.
16:16 of 3rd period - Snap shot by Connor Hurley.
16:16 of 3rd period - Shot Misses the Net.
16:31 of 3rd period - Minor Penalty to Timothy Liljegren for Interference.
16:32 of 3rd period - Nick Shore wins face-off versus Dylan Gambrell in Checkers zone.
16:36 of 3rd period - Slapshot by Martin Frk.
16:36 of 3rd period - Shot Misses the Net.
16:58 of 3rd period - Dylan Gambrell is hit by Evan Bouchard and loses puck.
18:31 of 3rd period - Penalty to Timothy Liljegren is over, Timothy Liljegren is back on ice.
18:39 of 3rd period - Snap shot by Klim Kostin.
18:39 of 3rd period - Stopped by Joseph Woll with a rebound.
18:41 of 3rd period - Slapshot by Nick Shore.
18:41 of 3rd period - Stopped by Joseph Woll with a rebound.
18:43 of 3rd period - Slapshot by Alexander Alexeyev.
18:43 of 3rd period - Deflect By Martin Frk.
18:43 of 3rd period - Stopped by Joseph Woll without a rebound.
18:44 of 3rd period - Colin White wins face-off versus Shane Bowers in Checkers zone.
18:45 of 3rd period - Snap shot by Pontus Holmberg.
18:45 of 3rd period - Shot Misses the Net.
18:53 of 3rd period - Slapshot by Shane Bowers.
18:53 of 3rd period - Stopped by Stuart Skinner with a rebound.
18:55 of 3rd period - Snap shot by Shane Bowers.
18:55 of 3rd period - Shot Misses the Net.
18:57 of 3rd period - Snap shot by Matias Rajaniemi.
18:57 of 3rd period - Shot Blocked by Nikolai Knyzhov.
19:16 of 3rd period - Wrist shot by Austin Poganski.
19:16 of 3rd period - Deflect By Brendan Leipsic.
19:16 of 3rd period - Stopped by Stuart Skinner without a rebound.
19:17 of 3rd period - Dylan Gambrell wins face-off versus Taro Hirose in Condors zone.
19:18 of 3rd period - Wrist shot by Brendan Leipsic.
19:18 of 3rd period - Goal by Brendan Leipsic - Condors : 3 - Checkers : 4.
19:19 of 3rd period - Dylan Gambrell wins face-off versus Taro Hirose in neutral zone.
19:22 of 3rd period - Wrist shot by Brendan Leipsic.
19:22 of 3rd period - Shot Misses the Net.
19:24 of 3rd period - Snap shot by Viktor Baldayev.
19:24 of 3rd period - Stopped by Stuart Skinner with a rebound.
19:26 of 3rd period - Snap shot by Austin Poganski.
19:26 of 3rd period - Stopped by Stuart Skinner with a rebound.
19:28 of 3rd period - Wrist shot by Dylan Gambrell.
19:28 of 3rd period - Shot Blocked by Alexander Alexeyev.
19:30 of 3rd period - Snap shot by Timothy Liljegren.
19:30 of 3rd period - Goal by Timothy Liljegren - Condors : 3 - Checkers : 5.
19:31 of 3rd period - Shane Bowers wins face-off versus Nick Shore in neutral zone.
Goals for this period are 1 for Condors vs 4 for Checkers.
Shots for this period are 11 for Condors vs 17 for Checkers.